 Dungeon Sprint DCSS version 0.20.1-1-g8b1a95d (webtiles) character file.

2771 groucho the Unseen (level 9, -17/39 HPs)
             Began as a Spriggan Enchanter on Nov 26, 2017.
             Was a Follower of Uskayaw.
             Demolished by Agnes
             ... wielding a +2 lajatang of speed
              (32 damage)
             ... in the Dungeon (Sprint IV: "Fedhas' Mad Dash").
             The game lasted 00:05:37 (3633 turns).

groucho the Unseen (Spriggan Enchanter)             Turns: 3633, Time: 00:05:37

Health: -17/39     AC:  2    Str:  7    XL:     9   Next: 42%
Magic:  14/25      EV: 18    Int: 17    God:    Uskayaw [*.....]
Gold:   139        SH:  0    Dex: 16    Spells: 14/31 levels left

rFire    . . .     SeeInvis +   a - +1 dagger
rCold    . . .     Gourm    .   (shield restricted)
rNeg     . . .     Faith    .   b - +0 robe
rPois    .         Spirit   .   (helmet restricted)
rElec    .         Reflect  .   (no cloak)
rCorr    .         Harm     .   (gloves unavailable)
MR       +....     NoTele   +   (boots unavailable)
Stlth    +++++++...             l - amulet of invisibility {+Inv}
Regen    0.2/turn               (no ring)
MPRegen  0.2/turn               (no ring)

@: very slightly contaminated, very quick
A: unfitting armour, see invisible, herbivore 3, speed 3, slow metabolism 2
a: Stomp, Renounce Religion, Evoke Invisibility


You were in the Dungeon.
You worshipped Uskayaw.
Uskayaw was aware of your devotion.
You were not hungry.

You visited 1 branch You collected 139 gold pieces.

Inventory:

Hand Weapons
 a - a +1 dagger (weapon)
Armour
 b - a +0 robe (worn)
Jewellery
 l - the amulet of invisibility (around neck) {+Inv}
   (You found it in the Dungeon)

   [amulet of nothing]

   It lets you turn invisible.
Scrolls
 f - a scroll of identify {unknown}
 j - a scroll of blinking
 m - 3 scrolls of recharging {unknown}
Potions
 g - a potion of haste
 h - 2 potions of magic
 k - 2 potions of might {unknown}
 o - 2 potions of degeneration {unknown}
Books
 c - a book of Maledictions

   Spells                             Type                      Level
   a - Corona                         Hexes                        1
   b - Ensorcelled Hibernation        Hexes/Ice                    2
   c - Confuse                        Hexes                        3
   d - Tukima's Dance                 Hexes                        3
   e - Dazzling Spray                 Conjuration/Hexes            3
 i - a book of Minor Magic

   Spells                             Type                      Level
   a - Magic Dart                     Conjuration                  1
   b - Blink                          Translocation                2
   c - Call Imp                       Summoning                    2
   d - Slow                           Hexes                        2
   e - Conjure Flame                  Conjuration/Fire             3
   f - Mephitic Cloud                 Conjuration/Poison/Air       3
Comestibles
 d - a bread ration
 n - a royal jelly


   Skills:
 + Level 9.9 Short Blades
 - Level 3.0 Dodging
 + Level 17.0 Stealth
 + Level 11.8 Spellcasting
 + Level 12.1 Hexes
 + Level 9.0 Invocations


You had 14 spell levels left.
You knew the following spells:

 Your Spells              Type           Power        Failure   Level  Hunger
a - Corona                Hex            ######.      1%          1    None
b - Ensorcelled Hibernat  Hex/Ice        ####..       1%          2    None
c - Confuse               Hex            ######..     1%          3    None
d - Dazzling Spray        Conj/Hex       ####..       1%          3    None
e - Blink                 Tloc           N/A          11%         2    None
f - Tukima's Dance        Hex            ######..     1%          3    None
g - Mephitic Cloud        Conj/Pois/Air  ##......     22%         3    None


Dungeon Overview and Level Annotations

Branches:
Dungeon (1/1)

Altars:
Cheibriados
Dithmenos
Elyvilon
Gozag
Hepliaklqana
Kikubaaqudgha
Makhleb
Nemelex Xobeh
Okawaru
Qazlal
Ru
Sif Muna
Trog
Uskayaw
Vehumet
Xom
Yredelemnul
Zin
The Shining One
Beogh
Jiyva
Lugonu

Annotations:
D Agnes


Innate Abilities, Weirdness & Mutations

You are very small and have problems with some larger weapons.
You are too small for most types of armour.
You have supernaturally acute eyesight. (SInv)
You are a herbivore.
You cover ground extremely quickly.
You need consume almost no food.


Message History

Aim: Agnes, wielding a lajatang of speed and wearing a robe The spray of energy hits Agnes.
Agnes is lightly wounded.
Agnes is dazzled.
Agnes barely misses you. Agnes closely misses you.
You miss Agnes.
Agnes is lightly wounded.
You completely miss Agnes.
Agnes is lightly wounded.
Agnes hits you with a lajatang of speed!!
* * * LOW HITPOINT WARNING * * *
Unknown command.
You feel better.
You flicker back into view.
Agnes completely misses you. Agnes closely misses you.
Unknown command.
You miss Agnes.
Agnes is lightly wounded.
Agnes hits you with a lajatang of speed!!
Ouch! That really hurt!
You die...

##################
#.⌠._._._._.⌠.#..+
'.._._._._._..'..#
#..._._._._...#..#
#.._._._._._..#..#
#..._._._._.⌠.####
##################
#♣♣♣♣♣..♣.###.'.%+
......♣..♣##..#i@#
♣..♣♣♣.♣).###.##'#
.♣♣.)♣...♣'...#♣.♣
# ############...
♣.. .... ♣...
#####


You could see Agnes (blind).

Vanquished Creatures
  A spriggan druid (D)
  3 oklob plants (D)
  2 burning bushes (D)
  A wandering mushroom (D)
  A queen bee (D)
  4 killer bees (D)
  5 oklob saplings (D)
  A worker ant (D)
  A river rat (D)
  A rat (D)
  A ballistomycete (D)
  A ballistomycete spore (D)
22 creatures vanquished.

Notes
Turn   | Place    | Note
-------+----------+-------------------------------------------
     0 | D        | groucho the Spriggan Enchanter began the quest for the Orb.
     0 | D        | Reached XP level 1. HP: 9/9 MP: 5/5
     9 | D        | Reached skill level 7 in Stealth
     9 | D        | Reached XP level 2. HP: 13/13 MP: 6/6
    11 | D        | Reached skill level 8 in Stealth
    20 | D        | Noticed an oklob sapling
    21 | D        | Killed an oklob sapling
    21 | D        | Reached skill level 9 in Stealth
    21 | D        | Reached XP level 3. HP: 16/16 MP: 7/9
    25 | D        | Learned a level 2 spell: Ensorcelled Hibernation
    29 | D        | Learned a level 3 spell: Confuse
    33 | D        | Learned a level 3 spell: Dazzling Spray
    36 | D        | Reached skill level 10 in Stealth
    36 | D        | Reached skill level 5 in Hexes
    60 | D        | Found an opulent altar of Gozag.
    60 | D        | Found a hazy altar of Hepliaklqana.
    60 | D        | Found a roughly hewn altar of Beogh.
    60 | D        | Found a snail-covered altar of Cheibriados.
    61 | D        | Found a viscous altar of Jiyva.
    61 | D        | Found a burning altar of Makhleb.
    61 | D        | Found a sparkling altar of Nemelex Xobeh.
    61 | D        | Found a sacrificial altar of Ru.
    61 | D        | Found a deep blue altar of Sif Muna.
    61 | D        | Found a bloodstained altar of Trog.
    61 | D        | Found a shimmering altar of Xom.
    61 | D        | Found a basalt altar of Yredelemnul.
    61 | D        | Noticed an oklob sapling priest
    62 | D        | Found an iron altar of Okawaru.
    62 | D        | Found a shadowy altar of Dithmenos.
    62 | D        | Found a glowing silver altar of Zin.
    63 | D        | Found an ancient bone altar of Kikubaaqudgha.
    63 | D        | Found a hide-covered altar of Uskayaw.
    64 | D        | Found a stormy altar of Qazlal.
    64 | D        | Found a white marble altar of Elyvilon.
    64 | D        | Found a glowing golden altar of the Shining One.
    65 | D        | Found a corrupted altar of Lugonu.
    65 | D        | Found a radiant altar of Vehumet.
    68 | D        | Killed an oklob sapling priest
    68 | D        | Reached skill level 11 in Stealth
    68 | D        | Reached skill level 5 in Spellcasting
    68 | D        | Reached XP level 4. HP: 21/21 MP: 8/12
    72 | D        | Became a worshipper of Uskayaw the Reveler
   216 | D        | Reached skill level 12 in Stealth
   216 | D        | Reached skill level 1 in Invocations
   216 | D        | Reached XP level 5. HP: 24/24 MP: 11/14
   216 | D        | Reached * piety under Uskayaw
   541 | D        | Noticed a queen bee
  1029 | D        | Reached ** piety under Uskayaw
  1031 | D        | Reached skill level 13 in Stealth
  1031 | D        | Reached XP level 6. HP: 23/28 MP: 4/17
  1031 | D        | Reached *** piety under Uskayaw
  1033 | D        | Reached **** piety under Uskayaw
  1456 | D        | Killed a queen bee
  1456 | D        | Reached skill level 5 in Short Blades
  1456 | D        | Reached skill level 14 in Stealth
  1456 | D        | Reached skill level 5 in Invocations
  1456 | D        | Reached XP level 7. HP: 32/32 MP: 10/20
  1720 | D        | Noticed an oklob plant
  1722 | D        | Killed an oklob plant
  1722 | D        | Reached skill level 10 in Hexes
  1854 | D        | Noticed a burning bush
  1871 | D        | Killed a burning bush
  1871 | D        | Reached skill level 15 in Stealth
  1871 | D        | Reached skill level 10 in Spellcasting
  1871 | D        | Reached XP level 8. HP: 29/36 MP: 20/23
  1883 | D        | Noticed a burning bush
  1883 | D        | Noticed an oklob plant
  2477 | D        | Noticed a wandering mushroom
  2478 | D        | Killed a burning bush
  2485 | D        | Killed a wandering mushroom
  2648 | D        | Killed an oklob plant
  2648 | D        | Reached skill level 16 in Stealth
  2648 | D        | Reached XP level 9. HP: 39/39 MP: 22/25
  3144 | D        | Noticed a spriggan druid
  3145 | D        | Killed a spriggan druid
  3411 | D        | Noticed an oklob plant conjurer
  3412 | D        | Killed an oklob plant conjurer
  3412 | D        | Reached skill level 17 in Stealth
  3421 | D        | Learned a level 2 spell: Blink
  3425 | D        | Learned a level 3 spell: Tukima's Dance
  3429 | D        | Learned a level 3 spell: Mephitic Cloud
  3626 | D        | Noticed Agnes
  3633 | D        | Demolished by Agnes

Skill      XL: |  1  2  3  4  5  6  7  8  9 |
---------------+----------------------------+-----
Stealth        | 7 9 11 12 13 14 15 16 17 | 17.0
Spellcasting   | 3 5 7 8 10 11 | 11.8
Hexes          | 4 6 7 8 10 11 12 | 12.1
Short Blades   | 2 4 5 7 9 |  9.9
Invocations    | 1 3 5 6 8 9 |  9.0
Dodging        | |  3.0

Action                   |  1- 3 |  4- 6 |  7- 9 || total
-------------------------+-------+-------+-------++-------
Melee: Dagger            |     5 |     7 |    40 ||    52
 Cast: Ensorcelled Hiber |       |    11 |       ||    11
       Dazzling Spray    |       |       |     3 ||     3
       Tukima's Dance    |       |       |     1 ||     1
Invok: Stomp             |       |       |     1 ||     1
 Abil: Evoke Invisibilit |     1 |     3 |     6 ||    10
  Use: Potion            |       |       |     3 ||     3
 Stab: Sleeping          |     5 |     5 |     5 ||    15
       Invisible         |       |     1 |     3 ||     4
       Paralysed         |       |     1 |       ||     1
  Eat: Royal jelly       |       |       |     2 ||     2
Dodge: Dodged            |       |     8 |     6 ||    14
